 Dungeon Crawl Stone Soup version 0.30.1-11-g7821555f0a (webtiles) character file.

Game seed: 5660962606138051825

217254 FakeRyeBread the Spry (level 19, -17/174 HPs)
             Began as a Djinni Conjurer on Nov 21, 2023.
             Was the Champion of Ashenzari.
             Demolished by an emperor scorpion (29 damage)
             ... on level 4 of the Spider Nest on Nov 22, 2023.
             The game lasted 03:19:44 (26727 turns).

FakeRyeBread the Spry (Djinni Conjurer)            Turns: 26727, Time: 03:19:44

Health: -17/174    AC: 12    Str:  6    XL:     19   Next: 82%
Gold:   2421       EV: 22    Int: 28    God:    Ashenzari [******] SH:  6 Dex: 15

rFire   + + .        F - +5 short sword of Ashenzari's Stickiness {Self, Melee} (curse)
rCold   x . .        n - +2 buckler of Ashenzari's Monotheism {Self, Range} (curse)
rNeg    . . .        U - +0 troll leather armour of Ashenzari's Oblivion {Regen+, Self, Cun} (curse)
rPois   ∞            t - +2 helmet of Ashenzari's Oblivion {SInv, Self, Melee} (curse)
rElec   .            s - scarf of Panopticon {repulsion, Range, Self} (curse)
rCorr   .            G - +2 pair of gloves of Ashenzari's Fetters {hurl, Evo, Self} (curse)
SInv    +            (boots unavailable)
Will    +++..        k - amulet "Overhang to Understand" {Regen+, Fort, Self} (curse)
Stlth   ++           M - ring of the Cursed Moon {Will+ Dex+3, Self, Cun} (curse)
HPRegen 2.09/turn    E - ring "Soothsayer of Ashenzari" {Will+, Fort, Self} (curse)
MPRegen 0.00/turn

%: repel missiles, clarity, infuse magic (-18 HP)
@: about to teleport, flying, studying Ranged Weapons
A: sickness immunity, fire resistance 2, cold vulnerability 1, float, innate
caster, HP casting, extra vitality 1
}: 1/15 runes: decaying
a: Renounce Religion, Shatter the Chains


You were on level 4 of the Spider Nest.
You worshipped Ashenzari.
Ashenzari was exalted by your worship.
You visited 5 branches of the dungeon, and saw 29 of its levels.
You also visited: Bailey, Gauntlet, Ice Cave and Volcano.

You collected 3012 gold pieces.
You spent 591 gold pieces at shops.

Inventory:

Hand Weapons
 F - the cursed +5 short sword of Ashenzari's Stickiness (weapon) {Self, Melee}
   (You took it off a kobold on level 8 of the Dungeon)

   It has a curse which improves the following skills: Introspection: Fighting
   and Spellcasting.
   Melee Combat: Short Blades, Long Blades, Axes, Maces & Flails, Polearms,
   Staves and Unarmed Combat.
Missiles
 j - 4 throwing nets
Armour
 n - the cursed +2 buckler of Ashenzari's Monotheism (worn) {Self, Range}
   (You found it on level 2 of the Dungeon)

   It has a curse which improves the following skills: Introspection: Fighting
   and Spellcasting.
   Ranged Combat: Ranged Weapons and Throwing.
 p - a +0 kite shield
 s - the cursed scarf of Panopticon (worn) {repulsion, Range, Self}
   (You found it on level 4 of the Dungeon)

   It has a curse which improves the following skills: Ranged Combat: Ranged
   Weapons and Throwing.
   Introspection: Fighting and Spellcasting.
 t - the cursed +2 helmet of Ashenzari's Oblivion (worn) {SInv, Self, Melee}
   (You found it in a bailey)

   It has a curse which improves the following skills: Introspection: Fighting
   and Spellcasting.
   Melee Combat: Short Blades, Long Blades, Axes, Maces & Flails, Polearms,
   Staves and Unarmed Combat.
 G - the cursed +2 pair of gloves of Ashenzari's Fetters (worn) {hurl, Evo, Self}
   (You found it on level 9 of the Dungeon)

   It has a curse which improves the following skills: Evocations: Evocations.
   Introspection: Fighting and Spellcasting.
 L - a scarf of resistance
 S - a +2 robe of willpower
 U - the cursed +0 troll leather armour of Ashenzari's Oblivion (worn) {Regen+, Self, Cun}
   (You found it on level 14 of the Dungeon)

   Regen:     It increases your rate of health regeneration.
   It has a curse which improves the following skills: Introspection: Fighting
   and Spellcasting.
   Cunning:   Dodging and Stealth.
Jewellery
 f - a ring of protection from fire
 k - the cursed amulet "Overhang to Understand" (around neck) {Regen+, Fort, Self}
   (You found it on level 2 of the Dungeon)

   [amulet of regeneration]

   Regen:     It increases your rate of health regeneration.
   It has a curse which improves the following skills: Fortitude: Armour and
   Shields.
   Introspection: Fighting and Spellcasting.
 o - a ring of wizardry
 r - an amulet of regeneration
 D - a +4 ring of protection
 E - the cursed ring "Soothsayer of Ashenzari" (right hand) {Will+, Fort, Self}
   (You found it on level 4 of the Lair of Beasts)

   [ring of willpower]

   Will:      It increases your willpower.
   It has a curse which improves the following skills: Fortitude: Armour and
   Shields.
   Introspection: Fighting and Spellcasting.
 M - the cursed ring of the Cursed Moon (left hand) {Will+ Dex+3, Self, Cun}
   (You found it in a Gauntlet)

   [ring of willpower]

   Dex:       It affects your dexterity (+3).
   Will:      It increases your willpower.
   It has a curse which improves the following skills: Introspection: Fighting
   and Spellcasting.
   Cunning:   Dodging and Stealth.
 X - a ring of positive energy
Wands
 b - a wand of digging (8)
 h - a wand of quicksilver (20)
 y - a wand of iceblast (24)
 A - a wand of flame (28)
 H - a wand of paralysis (15)
 O - a wand of polymorph (8)
 P - a wand of mindburst (20)
Scrolls
 e - 2 scrolls of silence
 i - a scroll of poison
 x - 2 scrolls of blinking
 B - 5 scrolls of teleportation
 I - 6 scrolls of magic mapping
 J - 4 scrolls of fear
 R - 3 scrolls of butterflies
 T - 5 scrolls of fog
 W - 3 scrolls of enchant weapon
Potions
 a - 2 potions of berserk rage
 c - 4 potions of ambrosia
 d - 5 potions of haste
 g - 6 potions of magic
 l - 8 potions of might
 m - 3 potions of heal wounds
 q - 5 potions of brilliance
 u - 12 potions of curing
 v - 8 potions of mutation
 w - 6 potions of attraction
 z - a potion of lignification
 C - 2 potions of resistance
 K - 3 potions of invisibility
 V - a potion of cancellation


   Skills:
 - Level 17.9(27) Fighting
 - Level 4.6(8.0) Armour
 + Level 19.8(23.1) Dodging
 - Level 1.5(3.9) Stealth
 - Level 17.1(27) Spellcasting


You knew the following spells:

 Your Spells              Type           Power      Damage    Failure   Level
a - Magic Dart            Conj           100%       1d8       0%          1
b - Searing Ray           Conj           100%       2d8       0%          2
c - Dazzling Flash        Conj/Hex       100%       N/A       0%          3
d - Fulminant Prism       Conj/Hex       56%        3d24      0%          4
e - Iskenderun's Mystic   Conj/Tloc      100%       2d19      0%          4
f - Shock                 Conj/Air       100%       1d9       0%          1
g - Wereblood             Tmut           100%       N/A       0%          2
h - Poisonous Vapours     Pois/Air       100%       N/A       0%          2
i - Vampiric Draining     Necr           100%       2d13      0%          3
j - Dispel Undead         Necr           100%       3d31      0%          4
k - Agony                 Necr           100%       N/A       0%          5
l - Statue Form           Tmut/Erth      74%        N/A       0%          6
m - Conjure Ball Lightni  Conj/Air       56%        3x3d20    0%          6
n - Haunt                 Necr/Summ      56%        N/A       1%          7
Your spell library was empty.

Dungeon Overview and Level Annotations

Branches:
Dungeon (14/15)            Temple (0/1) D:7            Lair (5/5) D:8
  Swamp (4/4) Lair:3       Spider (4/4) Lair:3        Slime (0/5) Lair:5
    Orc (2/2) D:10            Elf (0/3) Orc:2        Bailey (visited)
  IceCv (visited)         Volcano (visited)         Gauntlet (visited)
 Vaults: D:13-14

Altars:
Ashenzari
Cheibriados
Elyvilon
Qazlal
Ru
Trog
Xom
The Shining One

Shops:
D:7 :   D:10 (   Orc:2 =[(*

Annotations:
D:14 Jingleheimer's ghost, journeyman OpTm
Swamp:1 1 runed translucent door, Zoigrime's ghost, adept FoFi
Swamp:3 2 transporters, Xoptyose's ghost, journeyman DEFE


Innate Abilities, Weirdness & Mutations

You are immune to sickness and miasma.
You are immune to poison.
Your flesh is very heat resistant. (rF++)
You are vulnerable to cold. (rC-)
You float through the air rather than walking.
You learn spells naturally, not from books.
Your magical power is your life essence.
You have superior vitality. (+4 MHP)


Message History

The emperor scorpion misses you.
The emperor scorpion claws you but does no damage.
The emperor scorpion barely misses you.
The emperor scorpion completely misses you. x2
Casting: Iskenderun's Mystic Blast (safe; 0% risk of failure)
Press: ? - help, Q - select action, (/) - cycle Dir - look around, f - activate Look: an emperor scorpion (almost dead, berserk)
You erupt in a blast of force!
The mystic blast hits the moth of wrath!!
The moth of wrath is heavily wounded.
The moth of wrath is knocked back by the mystic blast.
The moth of wrath collides with the moth of wrath simulacrum!
The moth of wrath simulacrum is severely damaged.
The moth of wrath is severely wounded.
The mystic blast hits the tarantella simulacrum!!
The tarantella simulacrum vaporises!
The mystic blast hits the emperor scorpion!
The emperor scorpion is severely wounded.
The mystic blast hits the emperor scorpion.
The emperor scorpion is almost dead.
* * * LOW HITPOINT WARNING * * *
The emperor scorpion closely misses you.
The emperor scorpion claws you but does no damage.
The emperor scorpion claws you.
* * * LOW HITPOINT WARNING * * *
The emperor scorpion stings you!!
* * * LOW HITPOINT WARNING * * *
You block the emperor scorpion's attack. x2
The emperor scorpion barely misses you. The emperor scorpion claws you.
* * * LOW HITPOINT WARNING * * *
The emperor scorpion barely misses you.
You feel much better. The emperor scorpion stings you.
* * * LOW HITPOINT WARNING * * *
The emperor scorpion closely misses you.
The emperor scorpion completely misses you. x2
You block the emperor scorpion's attack.
The emperor scorpion claws you!
* * * LOW HITPOINT WARNING * * *
The emperor scorpion stings you!!
You die...

* , ,
,,*###################
*** ,,
,,,*#....#....^..^...^.,*
^ , ,*##........s.....~~~
,, ~ ,,,,
∆*#........@sy~#~~~~~~~
~~~ ,,, ,,
#....(...#○~~~~~~#~ ~~~~
, ,, ,
#~~~......^Z~~~~~~{~^ , ,
,, ,,
*#~~#~.#######~~~~#{* **,
# ... #.~~~.#, , ~~#~~~#{
~, ** ....○.*#.~~~~# ^ ,{
*~~~#{ * ....○. ##.~~~#,
, ~.~#~ , , , ...°..
#...~~#,, , ~^.~ { ,,
..°... #...~##,,∆ ** * **
,,, ,


You could see 2 emperor scorpions, a moth of wrath and a moth of wrath
simulacrum.

Vanquished Creatures
  Bai Suzhen (Swamp:4)
  Rupert (D:12)
  3 thorn hunters
  Donald (Swamp:2)
  3 emperor scorpions
  3 ghost moths
  A reaper (IceCv)
  A stone giant (Orc:2)
  Nessos (Lair:2)
  3 broodmothers
  3 eleionomae
  A minotaur (Gauntlet)
  2 bunyips (Swamp:1)
  3 spark wasps
  Snorg (D:10)
  An ettin (Orc:2)
  5 entropy weavers
  2 shambling mangroves
  2 fire dragons
  19 hydras
  Erolcha (D:10)
  3 ogre magi (Orc:2)
  A vault guard (D:14)
  4 jorogumos
  11 alligators
  A catoblepas (Lair:5)
  A spriggan air mage (Swamp:3)
  5 radroaches
  9 boulder beetles
  4 centaur warriors
  6 death yaks
  15 two-headed ogres
  A deep troll shaman (Lair:5)
  4 sun demons (Volcano)
  Sonja (D:10)
  9 pharaoh ants
  2 sun moths
  4 skeletal warriors (D:12)
  8 goliath frogs
  2 deep trolls (Orc:2)
  3 spriggan druids
  6 bog bodies
  10 swamp dragons
  13 orb spiders
  3 deep elf zephyrmancers (Orc:1)
  2 lindwurms
  7 deep elf pyromancers
  6 steelbarb worms
  An orc knight (Orc:2)
  A spectral wolf spider (Spider:4)
  2 oklob plants (Swamp:1)
  2 will-o-the-wisps (Swamp:4)
  A manticore (D:13)
  2 orc sorcerers
  17 wolf spiders
  4 cyclopes
  5 moths of wrath
  2 ice statues (IceCv)
  6 elephants (Lair:5)
  4 black mambas
  An apocalypse crab (Gauntlet)
  10 demonic crawlers
  5 torpor snails
  3 smoke demons (Volcano)
  2 gargoyles
  5 cane toads
  2 kobold demonologists
  8 rime drakes
  An unseen horror (D:9)
  4 komodo dragons
  6 ice devils (IceCv)
  4 anaconda simulacra (IceCv)
  A komodo dragon (shapeshifter) (D:14)
  2 bloated husks (Swamp:1)
  13 trolls
  A polar bear (Lair:5)
  4 spectral tarantellas (Spider:4)
  28 tarantellas
  12 tyrant leeches
  4 blink frogs (Lair:4)
  A spectral jumping spider (Spider:4)
  A jumping spider zombie (Spider:4)
  8 hornets
  Grinder (D:3)
  7 dream sheep (Lair:5)
  16 culicivoras
  5 shadows
  4 spriggans
  31 jumping spiders
  59 yaks
  A vampire (Bailey)
  6 wyverns
  3 wraiths
  2 basilisks
  33 redbacks
  12 steam dragons
  A death yak simulacrum (IceCv)
  9 vampire mosquitoes
  Menkaure (D:7)
  2 hydra simulacra (IceCv)
  4 wargs
  4 harpy simulacra (IceCv)
  A hell hound (Volcano)
  12 swamp worms
  Edmund (D:6)
  7 water moccasins
  11 swamp drakes
  14 orc warriors
  A sky beast (D:8)
  3 black bears
  21 ogres
  28 wolves
  8 centaurs
  A phantom (D:6)
  4 kobold brigands
  8 bullfrogs
  3 wights (D:7)
  An elephant simulacrum (IceCv)
  20 electric eels
  2 howler monkeys
  6 vampire bats (Bailey)
  5 wolf zombies (Bailey)
  3 lava snakes (Lair:1)
  2 jellies (Lair:5)
  Crazy Yiuf (D:3)
  11 hounds
  A gnoll bouda (D:7)
  15 orc priests
  Jessica (D:3)
  2 iguanas (D:4)
  18 orc wizards
  A spriggan simulacrum (IceCv)
  A wolf simulacrum (IceCv)
  9 gnolls
  A naga simulacrum (IceCv)
  5 adders
  12 white imps (D:13)
  An ufetubus (D:5)
  2 worms (D:3)
  2 dart slugs (D:2)
  76 orcs
  7 ball pythons
  3 bats
  16 endoplasms
  4 giant cockroaches
  11 goblins
  5 hobgoblins
  12 jackals
  5 quokkas
  4 frilled lizards
  16 kobolds
  22 orc zombies (Bailey)
  7 rats
  2 ball lightnings (Orc:2)
  485 fulminant prisms
1493 creatures vanquished.

Vanquished Creatures (collateral kills)
  A pharaoh ant (Spider:2)
  A demonic crawler (Spider:2)
  A tarantella (Spider:2)
  A jumping spider (Spider:2)
4 creatures vanquished.

Vanquished Creatures (others)
  A bunyip (Swamp:4)
  A goliath frog (Swamp:4)
  4 bloated husks
  An electric eel (D:10)
  2 orcs (D:10)
  A kobold (D:8)
  3 ball lightnings
  2 foxfires (Swamp:4)
  1063 fulminant prisms
1078 creatures vanquished.

Grand Total: 2575 creatures vanquished

Notes
Turn   | Place    | Note
-------+----------+-------------------------------------------
     0 | D:1      | FakeRyeBread the Djinni Conjurer began the quest for the
                  | Orb.
     0 | D:1      | FakeRyeBread set off with the following spells memorised:
                  | Magic Dart, Searing Ray, Dazzling Flash, Fulminant Prism,
                  | Iskenderun's Mystic Blast.
     0 | D:1      | Reached XP level 1. HP: 15/15 MP: 0/0
   181 | D:1      | Reached skill level 1 in Fighting
   181 | D:1      | Reached XP level 2. HP: 20/22 MP: 0/0
   276 | D:1      | Reached XP level 3. HP: 11/27 MP: 0/0
   276 | D:1      | Learned a level 1 spell: Shock
   863 | D:2      | Reached XP level 4. HP: 23/33 MP: 0/0
  1587 | D:2      | Found a faded altar of an unknown god.
  1828 | D:3      | Noticed Jessica
  1831 | D:3      | Reached XP level 5. HP: 38/40 MP: 0/0
  1831 | D:3      | Learned a level 2 spell: Wereblood
  1838 | D:3      | Killed Jessica
  1856 | D:3      | Noticed Grinder
  1966 | D:3      | Killed Grinder
  1967 | D:3      | Reached XP level 6. HP: 35/47 MP: 0/0
  2378 | D:3      | Found a broken altar of Ashenzari.
  2382 | D:3      | Became a worshipper of Ashenzari the Shackled
  2386 | D:3      | Found a bloodstained altar of Trog.
  2389 | D:3      | Found a white marble altar of Elyvilon.
  2426 | D:3      | Identified the -1 cloak of Greed {+Blink Int+4}
  2694 | D:3      | Found a runed translucent door.
  2695 | D:3      | Noticed Crazy Yiuf
  2969 | D:3      | Killed Crazy Yiuf
  3102 | D:4      | Reached XP level 7. HP: 53/53 MP: 0/0
  3102 | D:4      | Learned a level 2 spell: Poisonous Vapours
  3164 | D:4      | Reached skill level 5 in Spellcasting
  3224 | D:4      | Found a sacrificial altar of Ru.
  3327 | D:4      | Reached skill level 5 in Fighting
  3768 | D:5      | Entered Level 5 of the Dungeon
  4429 | D:6      | Reached XP level 8. HP: 58/61 MP: 0/0
  4541 | D:6      | Noticed Edmund
  4554 | D:6      | Killed Edmund
  5171 | D:7      | Found Yfoymoz's Vocational Training.
  5181 | D:7      | Found a glowing golden altar of the Shining One.
  5326 | D:7      | You are sucked into a shaft and drop 1 floor!
  5422 | D:7      | Reached XP level 9. HP: 67/68 MP: 0/0
  5422 | D:7      | Learned a level 3 spell: Vampiric Draining
  5509 | D:7      | Noticed Menkaure
  5520 | D:7      | Killed Menkaure
  5624 | D:7      | Reached * piety under Ashenzari
  5850 | D:7      | Found a staircase to the Ecumenical Temple.
  6234 | D:8      | Identified the +10 war axe of Dishonesty {elec, rC++ Str-5
                  | Int+8}
  6335 | D:8      | Noticed a troll
  6344 | D:8      | Killed a troll
  6363 | D:8      | Reached XP level 10. HP: 44/81 MP: 0/0
  6431 | D:8      | Found a staircase to the Lair.
  6728 | D:8      | Found a stormy altar of Qazlal.
  6729 | D:8      | Reached skill level 10 in Fighting
  6751 | D:8      | Found a shimmering altar of Xom.
  6763 | D:8      | Found a snail-covered altar of Cheibriados.
  7225 | D:9      | Reached skill level 3 in Dodging
  7251 | D:9      | Noticed a two-headed ogre
  7261 | D:9      | Killed a two-headed ogre
  7262 | D:9      | Reached XP level 11. HP: 76/89 MP: 0/0
  7262 | D:9      | Learned a level 4 spell: Dispel Undead
  7277 | D:9      | Found a flagged portal.
  7303 | Bailey   | Entered a bailey
  7324 | Bailey   | Reached skill level 4 in Dodging
  7665 | Bailey   | Reached ** piety under Ashenzari
  8414 | D:10     | Entered Level 10 of the Dungeon
  8414 | D:10     | Noticed Snorg
  8503 | D:10     | Noticed Erolcha
  8506 | D:10     | Noticed Sonja
  8578 | D:10     | Killed Sonja
  8579 | D:10     | Reached skill level 5 in Dodging
  8587 | D:10     | Killed Erolcha
  8655 | D:10     | Noticed a two-headed ogre
  8660 | D:10     | Noticed a two-headed ogre
  8679 | D:10     | Reached skill level 10 in Spellcasting
  8689 | D:10     | Killed a two-headed ogre
  8690 | D:10     | Killed a two-headed ogre
  8758 | D:10     | Killed Snorg
  8759 | D:10     | Reached skill level 6 in Dodging
  8759 | D:10     | Reached XP level 12. HP: 31/101 MP: 0/0
  8928 | D:10     | Found Jirroela's Weapon Emporium.
  8937 | D:10     | Identified the +0 pair of boots of Hadjma {rElec rF+ Int-4}
  9168 | D:10     | Found a staircase to the Orcish Mines.
  9703 | D:11     | Noticed a boulder beetle
  9731 | D:11     | Killed a boulder beetle
 10058 | D:11     | Noticed a two-headed ogre
 10064 | D:11     | Killed a two-headed ogre
 10393 | D:12     | Noticed a boulder beetle
 10398 | D:12     | Reached *** piety under Ashenzari
 10402 | D:12     | Killed a boulder beetle
 10403 | D:12     | Reached skill level 7 in Dodging
 10523 | D:12     | Noticed a skeletal warrior
 10525 | D:12     | Noticed Rupert
 10525 | D:12     | Noticed a boulder beetle
 10529 | D:12     | Noticed a skeletal warrior
 10529 | D:12     | Noticed a skeletal warrior
 10855 | D:12     | Noticed a skeletal warrior
 10861 | D:12     | Killed a skeletal warrior
 10861 | D:12     | Killed a skeletal warrior
 10861 | D:12     | Killed a skeletal warrior
 10868 | D:12     | Killed a skeletal warrior
 10869 | D:12     | Reached XP level 13. HP: 72/112 MP: 0/0
 10869 | D:12     | Learned a level 5 spell: Agony
 11293 | D:12     | Killed Rupert
 11294 | D:12     | Reached skill level 8 in Dodging
 11624 | Lair:1   | Entered Level 1 of the Lair of Beasts
 12552 | Lair:2   | Noticed a six-headed hydra
 12558 | Lair:2   | Killed a six-headed hydra
 12752 | Lair:2   | Found a gate leading to a gauntlet.
 12764 | Gauntlet | Entered a Gauntlet
 12764 | Gauntlet | Found a transporter.
 12773 | Gauntlet | Found a transporter.
 12775 | Gauntlet | Noticed a great orb of eyes
 12777 | Gauntlet | Found a transporter.
 12778 | Gauntlet | Found a transporter.
 12781 | Gauntlet | Found a transporter.
 12782 | Gauntlet | Found a transporter.
 12788 | Gauntlet | Found a runed translucent gate.
 12790 | Gauntlet | Found a runed translucent gate.
 12790 | Gauntlet | Found a transporter.
 12792 | Gauntlet | Found a runed translucent gate.
 12792 | Gauntlet | Noticed a hell beast
 12793 | Gauntlet | Identified the ring "Ruson" {Will+ Dex+3}
 12797 | Gauntlet | Found a transporter.
 12797 | Gauntlet | Found the +10 Black Knight's barding {ponderous, rPois rN+}
 12989 | Gauntlet | Noticed a minotaur
 13017 | Gauntlet | Killed a minotaur
 13324 | Lair:2   | You are sucked into a shaft and drop 1 floor!
 13382 | Lair:3   | Reached skill level 9 in Dodging
 13594 | Lair:2   | Noticed an eight-headed hydra
 13599 | Lair:2   | Killed an eight-headed hydra
 13813 | Lair:2   | Reached **** piety under Ashenzari
 13963 | Lair:2   | Reached skill level 10 in Dodging
 13963 | Lair:2   | Reached XP level 14. HP: 126/126 MP: 0/0
 14208 | Lair:3   | Noticed Nessos
 14353 | Lair:2   | Killed Nessos
 14354 | Lair:2   | Reached skill level 15 in Fighting
 14476 | Lair:3   | Found a staircase to the Swamp.
 14657 | Lair:3   | Reached ***** piety under Ashenzari
 14761 | Lair:3   | Found a hole to the Spider Nest.
 15237 | Lair:4   | Reached XP level 15. HP: 111/137 MP: 0/0
 15237 | Lair:4   | Learned a level 6 spell: Statue Form
 15519 | Lair:4   | Reached skill level 11 in Dodging
 16106 | Lair:5   | Entered Level 5 of the Lair of Beasts
 16342 | Lair:5   | Identified the ring of Rokut {Drain rPois Str+3 Int+2}
 16482 | Lair:5   | Reached ****** piety under Ashenzari
 16492 | Lair:5   | Found a staircase to the Slime Pits.
 17145 | D:13     | Found a frozen archway.
 17154 | IceCv    | Entered an ice cave
 17190 | IceCv    | Reached skill level 12 in Dodging
 17310 | IceCv    | Reached XP level 16. HP: 73/153 MP: 0/0
 18048 | D:14     | Noticed Jingleheimer's ghost (journeyman OpTm)
 18048 | D:14     | Identified the ring "Rufob" {Fire *Corrode rPois Int+3
                  | Slay+4}
 18049 | D:14     | Noticed a frost giant
 18408 | Orc:1    | Entered Level 1 of the Orcish Mines
 19022 | Orc:2    | Entered Level 2 of the Orcish Mines
 19173 | Orc:2    | Found a dark tunnel.
 19212 | Volcano  | Entered a volcano
 19268 | Volcano  | Reached skill level 13 in Dodging
 19546 | Orc:2    | Found Joghal's Assorted Antiques.
 19547 | Orc:2    | Found Motaz's Antique Weapon Boutique.
 19580 | Orc:2    | Found Idoyg's Armour Emporium.
 19581 | Orc:2    | Bought a scroll labelled HYEGEKK YSUECKO for 30 gold pieces
 19588 | Orc:2    | Found Zyxaog's Jewellery Shop.
 19727 | Orc:2    | Reached XP level 17. HP: 126/160 MP: 0/0
 19727 | Orc:2    | Learned a level 6 spell: Conjure Ball Lightning
 19790 | Orc:2    | Found a staircase to the Elven Halls.
 19936 | Orc:2    | Bought a scroll of magic mapping for 225 gold pieces
 19936 | Orc:2    | Bought an embroidered robe for 111 gold pieces
 19936 | Orc:2    | Bought a scroll of enchant armour for 225 gold pieces
 20130 | Swamp:1  | Entered Level 1 of the Swamp
 20309 | Swamp:1  | Noticed a thorn hunter
 20319 | Swamp:1  | Killed a thorn hunter
 20398 | Swamp:1  | Found a runed translucent door.
 20399 | Swamp:1  | Identified the +5 spear of the Final Decision {flame, rF+
                  | Str+3}
 20399 | Swamp:1  | Identified the +2 flail of the Living God {freeze, rPois
                  | rF++ Int-5}
 20403 | Swamp:1  | Noticed Zoigrime's ghost (adept FoFi)
 20404 | Swamp:1  | Noticed a tentacled monstrosity
 20425 | Swamp:1  | Noticed a thorn hunter
 20437 | Swamp:1  | Killed a thorn hunter
 20807 | Swamp:1  | Reached skill level 15 in Spellcasting
 20808 | Swamp:1  | Identified the +9 mace "Sonulo" {flame, rPois}
 21014 | Swamp:2  | Noticed Donald
 21023 | Swamp:2  | Killed Donald
 21382 | Swamp:2  | Reached skill level 14 in Dodging
 21748 | Swamp:3  | Noticed Xoptyose's ghost (journeyman DEFE)
 21771 | Swamp:3  | Found a transporter.
 21773 | Swamp:3  | Identified the ring "Nuryto" {Fly rElec rC++ Int+3 Slay-4}
 21801 | Swamp:3  | Found a transporter.
 22207 | Swamp:3  | Found a bloodstained altar of Trog.
 22352 | Swamp:4  | Entered Level 4 of the Swamp
 22530 | Swamp:4  | Reached XP level 18. HP: 60/167 MP: 0/0
 22571 | Swamp:4  | Reached skill level 15 in Dodging
 23039 | Swamp:4  | Noticed Bai Suzhen
 23050 | Swamp:4  | Killed Bai Suzhen
 23232 | Swamp:4  | Got a decaying rune of Zot
 23518 | Spider:1 | Entered Level 1 of the Spider Nest
 24574 | Spider:2 | Reached skill level 16 in Dodging
 25047 | Spider:2 | Reached XP level 19. HP: 168/174 MP: 0/0
 25047 | Spider:2 | Learned a level 7 spell: Haunt
 25179 | Spider:2 | Reached skill level 17 in Dodging
 25714 | Spider:3 | Reached skill level 18 in Dodging
 26129 | Spider:4 | Entered Level 4 of the Spider Nest
 26377 | Spider:4 | Reached skill level 19 in Dodging
 26726 | Spider:4 | HP: 8/174 [emperor scorpion (31)]
 26727 | Spider:4 | Demolished by an emperor scorpion

Illustrated notes

Levels and vault maps discovered:
D:1:      psy_arrival_fountain, layout_basic, minivault_27
D:2:      layout_basic, dreamdust_ecumenical_altar_hidden_monk_grotto,
          hex_intersection
D:3:      layout_rooms, grunt_temple_overflow_diamond, serial_co_window_serial,
          co_window_paths_a, co_window_corner_a, co_window_paths_a,
          co_window_corner_a, co_window_paths_a, co_window_paths_a,
          co_window_corner_a, co_window_cross_3, co_window_2corner,
          co_window_corner_ca, co_window_corner_b, co_window_unsneaky_path_d,
          glass_columns_b, chequers_serial_rivers_room_b, st_stairs_2,
          uniq_crazy_yiuf_cottage, uniq_jessica, uniq_grinder
D:4:      layout_basic, lemuel_doored_altar, minmay_cut_off
D:5:      layout_cave_pods
D:6:      layout_basic, uniq_edmund
D:7:      layout_loops_ring, mainiacjoe_overflow_paths,
          minmay_temple_entry_fiery, nicolae_shop_vocational, uniq_menkaure
D:8:      layout_basic, gammafunk_temple_overflow_forgotten, erik_lair_island,
          serial_aquarium, aquarium_bridge_straight [aquarium_subvault_bridge,
          aquarium_subvault_wall, aquarium_subvault_bridge,
          aquarium_subvault_wall], aquarium_window_1, aquarium_window_2,
          aquarium_window_1, aquarium_view_2e, aquarium_pool_side,
          disabler_island
D:9:      layout_loops_ring, enter_bailey_5
D:10:     cheibrodos_helix_gallery, layout_cave_pools, erik_orc_2, serial_shops,
          nicolae_shop_tiny_glass, uniq_snorg, uniq_sonja, uniq_erolcha
D:11:     layout_cave_pods
D:12:     layout_layer_cave, uniq_rupert
D:13:     layout_rooms, portal_ice_cave_entry_imps,
          hangedman_abyss_or_decor_passed
D:14:     layout_stronghold, lightli_vaults_fourway_checkpoint,
          gammafunk_ghost_icy, corexii_hall_statues_x
Lair:1:   layout_chaotic_city, nicolae_lair_liquid_snakes, serial_bayou_shore_a
Lair:2:   layout_layer_cave, gauntlet_entry_generic, columned_hall_lemuel
Lair:3:   layout_gridlike, swamp_mist_pool, spider_nest_entry_web_field,
          serial_bayou_lake_a, uniq_nessos
Lair:4:   layout_gridlike, bobbens_dragon_lair_wall
Lair:5:   grunt_lair_end_beastmaster, layout_hall_layers,
          nicolae_slime_entry_slimehenge
Swamp:1:  dpeg_oklob_gauntlet, layout_basic_swamp, ebering_ghost_funeral_grove
Swamp:2:  layout_basic_swamp, serial_swamp_ruin, evilmike_swamp_ruin_house_6,
          evilmike_swamp_ruin_house_1, swamp_pool1, infiniplex_staircase_pool,
          uniq_donald
Swamp:3:  layout_basic_swamp, gammafunk_ghost_wrathful_warriors,
          evilmike_swamp_ruin_house_2
Swamp:4:  swamp, layout_basic_swamp, swamp_pool1, water_boxes_lemuel,
          uniq_bai_suzhen
Spider:1: layout_cave_pods, einodemon_crawler_minivault
Spider:2: layout_spider_delve
Spider:3: layout_spider_delve, nicolae_spider_not_touching_you
Spider:4: floodkiller_spider_rune_tomb, ebering_ghost_disaster_area
Orc:1:    layout_caves, elves_outpost_lemuel
Orc:2:    st_orc_open, layout_diamond_mine, nicolae_volcano_entry_two_sided

Skill      XL: |  1  2  3  4  5  6  7  8  9 10 11 12 13 14 15 16 17 18 19 |
---------------+----------------------------------------------------------+-----
Fighting       | 1 2 4 5 7 9 10 12 13 14 15 16 17 | 17.9
Spellcasting   | 4 5 6 7 9 10 11 12 13 14 16 17 | 17.1
Dodging        | 3 6 7 10 12 13 14 16 19 | 19.8
Armour         | 4 |  4.6
Stealth        | |  1.5

Action                     |  1- 3 |  4- 6 |  7- 9 | 10-12 | 13-15 | 16-18 | 19-21 || total
---------------------------+-------+-------+-------+-------+-------+-------+-------++-------
  Melee: Dagger            |       |       |     1 |       |       |       |       ||     1
         Short sword       |       |       |       |       |       |    16 |       ||    16
   Cast: Magic Dart        |    23 |     1 |       |     6 |       |       |       ||    30
         Searing Ray       |     3 |    24 |    73 |     9 |     1 |       |     1 ||   111
         Shock             |    25 |    23 |       |     1 |       |       |       ||    49
         Fulminant Prism   |       |       |    12 |   273 |   359 |   708 |   198 ||  1550
         Poisonous Vapours |       |       |     4 |       |     7 |       |       ||    11
         Iskenderun's Myst |       |       |       |    39 |    79 |   193 |    69 ||   380
         Vampiric Draining |       |       |       |     5 |       |       |       ||     5
         Conjure Ball Ligh |       |       |       |       |       |     3 |       ||     3
         Haunt             |       |       |       |       |       |       |     7 ||     7
 Invoke: Curse Item        |       |       |     2 |     2 |     5 |     1 |       ||    10
         Shatter the Chain |       |       |       |       |       |     1 |       ||     1
    Use: Scroll            |       |     9 |     9 |     2 |     2 |     3 |     1 ||    26
         Potion            |       |       |       |     4 |     5 |     4 |     1 ||    14
 Armour: Robe              |     3 |     1 |    12 |    11 |       |       |       ||    27
         Ring mail         |       |       |       |    13 |    31 |       |       ||    44
         Troll leather arm |       |       |       |       |       |    39 |    36 ||    75
  Dodge: Dodged            |    12 |     5 |    36 |    47 |    58 |   148 |   147 ||   453
         Repelled          |       |       |       |     1 |     6 |    18 |     1 ||    26
  Block: Buckler           |       |     2 |    21 |    20 |    15 |    37 |    49 ||   144
